 BcadrenCrawl: Boulder Brew version 0.04.2-2-g535c4548b4 (webtiles) character file.

Game seed: 7547787172898277142, levelgen mode: deterministic

10681 diana the Warrior (level 11, -4/122 HPs) Platinum Draconian Demigod. Began on Apr 24, 2021. Slain by a death knight ... wielding a +4 broad axe of freezing (10 damage) ... on level 6 of the Dungeon. The game lasted 00:20:57 (6670 turns).

diana the Warrior (Platinum Draconian Demigod)      Turns: 6670, Time: 00:20:58

Health: -4/122     AC: 13    Str: 21    XL:     11 ^: 10723
Magic:  14/14      EV: 13    Int: 26    God:
Gold:   110        SH:  5    Dex: 15    Spells: 9/12 levels left

rFire    . . .     Vision   .   q - +0 quarterstaff
rCold    . . .     Gourm    .   (also wielding the above weapon)
rNeg     . . .     Faith    .   (armour unavailable)
rPois    +         Spirit   .   z - +2 hat {Int+3}
rElec    .         Reflect  +   y - +2 cloak
rCorr    .         Harm     .   (no gloves)
MR       .....                  (no boots)
Stlth    +++.......             s - amulet "Meym" {Reflect rPois Int+6 Dex+2 SH+5 Stlth+}
HPRegen  0.50/turn              (no ring)
MPRegen  0.24/turn              (no ring)

@: short of breath, quick
A: no body armour, unfitting armour, high mp 1, cold-blooded, boosted maces &
staves aptitude, translocation, transmutation and hexes enhancers 1, fast, rMut,
AC +8
a: Breathe Mutagenic Radiation


You were on level 6 of the Dungeon.
You were not hungry.

You visited 1 branch of the dungeon, and saw 6 of its levels.

You collected 230 gold pieces.
You spent 120 gold pieces at shops.

Inventory:

Weapons
 q - a +0 quarterstaff (weapon)
Armour
 p - a scarf of cloud immunity
 y - a +2 cloak (worn)
 z - a +2 hat of intelligence (worn)
Jewellery
 s - the amulet "Meym" (around neck) {Reflect rPois Int+6 Dex+2 SH+5 Stlth+}
   (You bought it in a shop on level 2 of the Dungeon)

   [amulet of reflection]

   It shields you and reflects attacks.
   It affects your intelligence (+6).
   It affects your dexterity (+2).
   It protects you from poison.
   It affects your SH (+5).
   It makes you more stealthy.
 w - a cursed ring of intelligence {(Curse: MP-9)}
 x - an uncursed ring of protection from magic
Wands
 g - a wand of disintegration
 i - a wand of hasting (8)
 m - a wand of flame
 r - a wand of polymorph (12)
 u - a wand of random effects (2)
Scrolls
 a - 2 scrolls of blinking
 c - 5 scrolls of amnesia
 d - 3 scrolls of fog
 e - a scroll of bless item
 n - a scroll of holy word
 o - a scroll of summoning
 v - a scroll of teleportation
Potions
 f - a potion of cancellation
 h - 3 potions of might
 j - a potion of brilliance
 k - a potion of haste
 l - a potion of cure mutation
 t - a potion of magic
Comestibles
 b - 11 rations


   Skills:
 - Level 15.3 Fighting
 + Level 10.2 Maces & Staves
 - Level 2.5 Dodging
 - Level 1.3 Stealth
 - Level 1.9 Unarmed Combat
 - Level 1.3 Spellcasting
 - Level 1.5 Fire Magic


You had 9 spell levels left.
You knew the following spells:

 Your Spells              Type           Power        Failure   Level  Hunger
a - Flame Tongue          Fire           9 (30)       6%          1    #......
b - Blink                 Tloc           N/A          17%         2    ###....

Your spell library contained the following spells:

 Spells                   Type           Power        Failure   Level  Hunger
 Shock                    Air            1 (25)       11%         1    #......
 Call Imp                 Summ           1 (100)      17%         2    ###....
 Slow                     Hex            2 (100)      17%         2    ###....
 Swiftness                Chrm/Air       1 (100)      17%         2    ###....
 Conjure Flame            Fire           9 (100)      19%         3    ###....
 Mephitic Cloud           Pois/Air       1 (100)      32%         3    ###....
 Static Discharge         Air            1 (100)      32%         3    ###....
 Airstrike                Air            1 (200)      73%         4    #####..
 Cause Fear               Hex            2 (200)      73%         4    #####..
 Lightning Bolt           Air            1 (200)      97%         5    ######.
 Silence                  Hex/Air        2 (200)      97%         5    ######.
 Yara's Violent Unravell  Hex/Tmut       2 (200)      97%         5    ######.
 Deflect Missiles         Chrm/Air       1 (200)      100%        6    #######
 Discord                  Hex            2 (200)      100%        8    #######


Dungeon Overview and Level Annotations

Branches:
Dungeon (6/8)              Temple (0/1) D:4            Lair (0/6) D:5
    Orc: D:6

Shops:
D:2 *

Annotations:
D:5 1 runed translucent door, Winsalot's ghost, novice DrDg


Innate Abilities, Weirdness & Mutations

You cannot fit into any form of body armour.
Your lustrous platinum scales are resilient. (AC +8)
You can breathe blasts of radiation.
You have an increased reservoir of magic. (+10% MP)
You are cold-blooded and may be slowed by cold attacks.
You are naturally skilled at Maces & Staves (Aptitude +3).
You are in touch with the powers of translocation, transmutation and hexes.
Your lustrous platinum scales increase your movement speed and make you resistant to mutation. (fast, rMut)


Message History

Okay, then.
Breath at?
Press: ? - help, Shift-Dir - straight line, f - death knight
Aim: a death knight, wielding a +4 broad axe of freezing and wearing a +0 chain mail (moderately wounded (57/72))
You exhale a fountain of uncontrolled magic.
The blast of magical radiation blasts the death knight (7)!
The death knight twists and deforms.
The death knight is moderately wounded. (50/72) HP You feel somewhat more hungry.
The death knight casts a spell at you.
Your body is wracked with pain!
* * * LOW HITPOINT WARNING * * *
You bludgeon the death knight (26)!!
The death knight is severely wounded. (24/72) HP The death knight offers itself to Yredelemnul, and fills with unholy energy.
The death knight blocks your attack.
The death knight hits you with a +4 broad axe of freezing (25)!!
* * * LOW HITPOINT WARNING * * *
The death knight freezes you (10)!
You die...

......#p##..#.# #.#
#...##.##.# #.#
##...#†##.## ##.#
##.#.#.##..#
####..###..#.#.###.#
#..>...##.##.#<#....
#......##.#....#....
#............###....
#..@p.....#.........
#......#.....###....
#....<......## #....
####...##.### #####
#..###.# #..# #.#
#..# #.# #.## #.#
..# ..#


You could see a death knight.

Vanquished Creatures
  Gastronok (D:6)
  A two-headed ogre (D:5)
  Pikel (D:4)
  An ugly thing (D:6)
  A troll (D:6)
  Psyche (D:4)
  A hornet (D:5)
  Prince Ribbit (D:2)
  3 hippogriffs
  A wyvern (D:5)
  6 yaks (D:5)
  A vampire mosquito (D:6)
  A guardian mummy (D:5)
  4 orc warriors
  Duvessa (D:3)
  3 water moccasins (D:2)
  2 porcupines
  3 scorpions
  A black bear (D:5)
  4 ogres
  A crocodile (D:2)
  5 big kobolds (D:2)
  14 bullfrogs
  Dowan (D:3)
  A centaur (D:5)
  A meliai zombie (D:6)
  A harpy skeleton (D:3)
  8 howler monkeys
  A hornet zombie (D:4)
  7 hounds
  7 jellies
  2 crimson imps
  4 orc priests
  3 orc wizards
  2 mummies
  4 iguanas
  2 water moccasin zombies (D:5)
  4 worker ants (D:5)
  A water moccasin skeleton (D:5)
  4 wyvern skeletons (D:4)
  7 giant cockroaches
  2 bullfrog zombies
  2 bullfrog skeletons (D:5)
  4 porcupine skeletons
  11 adders
  17 sewer rats
  6 cinder newts (D:2)
  4 worms
  2 hound zombies (D:5)
  A howler monkey skeleton (D:5)
  2 oozes (D:2)
  A hound skeleton (D:5)
  A dart slug (D:1)
  7 leopard geckos
  26 orcs
  3 adder skeletons
  2 adder zombies (D:5)
  4 bats (D:1)
  3 cinder newt skeletons (D:2)
  A goblin (D:1)
  A hobgoblin (D:1)
  3 jackals (D:3)
  2 quokkas
  2 ball pythons (D:1)
  2 hobgoblin skeletons (D:2)
  A jackal skeleton (D:2)
  13 kobolds (D:2)
  A kobold skeleton (D:2)
  A leopard gecko skeleton (D:5)
  A quokka skeleton (D:3)
  A quokka zombie (D:5)
  4 rats (D:1)
  A butterfly (D:4)
  6 withered plants (D:2)
256 creatures vanquished.

Vanquished Creatures (others)
  A bullfrog (D:4)
  A bullfrog zombie (D:4)
  A kobold (D:2)
  A quokka (D:4)
  2 bats (D:2)
  A hobgoblin skeleton (D:2)
  A fungus (D:5)
  7 plants (D:5)
  2 slaves (D:4)
  A slimehead (D:2)
  122 withered plants (D:2)
140 creatures vanquished.

Grand Total: 396 creatures vanquished

Notes
Turn   | Place    | Note
-------+----------+-------------------------------------------
     0 | D:1      | diana the Immature Draconian Demigod began the quest for
                  | the Orb.
     0 | D:1      | Reached XP level 1. HP: 18/18 MP: 3/3
   116 | D:1      | Reached skill level 2 in Fighting
   147 | D:1      | Reached XP level 2. HP: 26/26 MP: 4/4
   663 | D:1      | Reached skill level 3 in Fighting
   665 | D:1      | Reached XP level 3. HP: 25/34 MP: 5/5
   692 | D:2      | Reached skill level 4 in Fighting
   692 | D:2      | Reached XP level 4. HP: 24/45 MP: 6/6
   704 | D:2      | Reached skill level 5 in Fighting
   712 | D:2      | Reached XP level 5. HP: 30/52 MP: 7/7
   824 | D:2      | Reached skill level 6 in Fighting
   824 | D:2      | Noticed a water moccasin
   855 | D:2      | Killed a water moccasin
   855 | D:2      | Reached skill level 7 in Fighting
   855 | D:2      | Reached XP level 6. HP: 33/66 MP: 8/8
  1185 | D:2      | Reached skill level 8 in Fighting
  1273 | D:2      | Your scales start taking on a lustrous platinum colour.
  1273 | D:2      | Reached XP level 7. HP: 75/75 MP: 9/9
  1273 | D:2      | Gained mutation: Your lustrous platinum scales increase
                  | your movement speed and make you resistant to mutation.
                  | (fast, rMut) [Platinum Draconian growth]
  1273 | D:2      | Gained mutation: You are in touch with the powers of
                  | translocation, transmutation and hexes. [Platinum Draconian
                  | growth]
  1300 | D:2      | Reached skill level 9 in Fighting
  1519 | D:2      | Reached skill level 10 in Fighting
  1780 | D:2      | Reached XP level 8. HP: 78/88 MP: 11/11
  1790 | D:2      | Found an opulent altar of Gozag.
  1800 | D:2      | Found Meecvion's Assorted Antiques.
  2096 | D:2      | Reached skill level 11 in Fighting
  2165 | D:2      | Noticed Prince Ribbit
  2178 | D:2      | Killed Prince Ribbit
  2181 | D:2      | Reached skill level 12 in Fighting
  2575 | D:2      | Found a shimmering blue altar of Sif Muna.
  2705 | D:3      | Noticed Duvessa
  2706 | D:3      | Noticed Dowan
  2723 | D:3      | Killed Duvessa
  2756 | D:3      | Killed Dowan
  3274 | D:3      | Found a snail-covered altar of Cheibriados.
  3621 | D:4      | Reached skill level 13 in Fighting
  3621 | D:4      | Reached XP level 9. HP: 80/102 MP: 12/12
  3663 | D:4      | Noticed Psyche
  3681 | D:4      | Killed Psyche
  3703 | D:4      | HP: 5/103 [bullfrog zombie (6)]
  3704 | D:4      | HP: 2/103 [howler monkey (3)]
  3936 | D:4      | Reached skill level 14 in Fighting
  4341 | D:4      | Noticed Pikel
  4359 | D:4      | Killed Pikel
  4359 | D:4      | Reached skill level 15 in Fighting
  4492 | D:4      | HP: 1/106 [orc priest/divine providence (16)]
  4522 | D:4      | Found a staircase to the Ecumenical Temple.
  4773 | D:3      | Gained mutation: You are naturally skilled at Maces &
                  | Staves (Aptitude +3). [draconic bloodline]
  4773 | D:3      | Reached XP level 10. HP: 77/115 MP: 13/13
  5010 | D:4      | Reached skill level 1 in Maces & Staves
  5101 | D:5      | Entered Level 5 of the Dungeon
  5156 | D:5      | Found a runed translucent door.
  5174 | D:5      | Noticed Winsalot's ghost (novice DrDg)
  5177 | D:5      | Identified the cursed ring "Mafuzax" {Ice rPois MR+ Str+2,
                  | (Curse: *Tele Slay-4)}
  5257 | D:5      | Noticed a two-headed ogre
  5260 | D:5      | Killed a two-headed ogre
  5260 | D:5      | Reached skill level 5 in Maces & Staves
  5399 | D:5      | Learned a level 2 spell: Blink
  5662 | D:2      | Bought a crude graven amulet for 120 gold pieces
  5662 | D:2      | Identified the amulet "Meym" {Reflect rPois Int+6 Dex+2
                  | SH+5 Stlth+} (You bought it in a shop on level 2 of the
                  | Dungeon)
  5843 | D:5      | Found a staircase to the Lair.
  6378 | D:6      | Noticed a death knight
  6471 | D:6      | Reached XP level 11. HP: 109/122 MP: 14/14
  6472 | D:6      | Noticed Gastronok
  6481 | D:6      | Killed Gastronok
  6481 | D:6      | Reached skill level 10 in Maces & Staves
  6670 | D:6      | HP: 6/122 [death knight/+4 broad axe of freezing (25)]
  6670 | D:6      | Slain by a death knight

Levels and vault maps discovered:
D:1:      dpeg_arrival_simpleton_b, layout_basic, minmay_misc_feat_ornament,
          hangedman_decor_points, portal_sewer_entry_c
D:2:      minmay_diamond_boxcup, layout_sewer, grunt_gozag_breadcrumbs,
          led_sif_pool, sewer_frog_pond, serial_shops, shop
D:3:      layout_basic, slow_altar_1, first_ration, uniq_duvessa
D:4:      layout_big_octagon, minmay_temple_entry_crystal_x, uniq_pikel,
          uniq_psyche
D:5:      layout_basic, lair_entry_dummy, ebering_ghost_funeral_grove,
          nicolae_ossuary_entry_catacombs
D:6:      layout_rooms, david_orc_3, portal_ice_cave_entry_pillars_1,
          uniq_crazy_yiuf_cottage, uniq_gastronok

Skill      XL: |  1  2  3  4  5  6  7  8  9 10 11 |
---------------+----------------------------------+-----
Fighting       | 2 3 4 5 7 8 10 13 15 | 15.3
Maces & Staves | 9 10 | 10.2
Dodging        | |  2.5
Stealth        | |  1.3
Unarmed Combat | |  1.9
Spellcasting   | |  1.3
Fire Magic     | |  1.5

Action                   |  1- 3 |  4- 6 |  7- 9 | 10-12 || total
-------------------------+-------+-------+-------+-------++-------
Melee: Unarmed           |   112 |   189 |   909 |       ||  1210
       Tailslap          |     5 |     6 |    93 |    19 ||   123
       Quarterstaff      |       |       |       |   147 ||   147
 Abil: Breathe Mutagenic |       |       |     4 |     2 ||     6
Evoke: Wand              |       |       |     2 |     2 ||     4
  Use: Potion            |       |       |     4 |       ||     4
       Scroll            |       |       |     2 |     1 ||     3
 Stab: Sleeping          |       |     1 |     1 |     2 ||     4
       Distracted        |       |       |       |     2 ||     2
  Eat: Chunk             |       |     1 |     6 |     4 ||    11
       Ration            |       |       |     2 |     1 ||     3
Armor: Skin              |    14 |    16 |   126 |    34 ||   190
Dodge: Dodged            |    40 |    44 |   239 |    80 ||   403
Block: Other             |       |       |       |    17 ||    17
